AoeStats
← Grand

Arabia

504882672Analyzed
4v4 RM · 26d ago on Sep 6, 2026· 44m 56s· 8 players
Game mode
Random Map
Map size
Large (8 player)
Population
200
Speed
Normal
Resources
Standard
Victory
Conquest
Starting age
Dark Age
Ending age
Imperial Age
RankedLock teamsTeams togetherTeam positionsShared explorationLock speedFull tech treeHidden civsTurbo modeCheats
Victory
Defeat
🇦🇷 Maya · Argentina
1156
+12
🇦🇷 Ethiopians · Argentina
1101
+14
🇦🇷 Byzantines · Argentina
1062
+15
🇦🇷 Burgundians · Argentina
965
+19
🇺🇸 Franks · United States
1177
-19
🇺🇸 Mongols · United States
1065
-16
🇺🇸 Magyars · United States
1015
-14
🇺🇸 Shu · United States
951
-11
Kayo0
6:15 Loom
8:39 Feudal Age
15:33 Wheelbarrow
20:06 Castle Age
18:22 Horse Collar
18:36 Gold Mining
20:13 Scale Barding Armor
21:05 Bloodlines
20:58 Husbandry
21:57 Double-Bit Axe
27:36 Bow Saw
28:51 Chain Barding Armor
28:42 Forging
31:40 Iron Casting
ManoShEeP
4:43 Loom
5:28 Loom
10:29 Feudal Age
11:36 Double-Bit Axe
14:08 Wheelbarrow
22:06 Castle Age
23:10 Husbandry
24:27 Light Cavalry
25:15 Scale Barding Armor
25:21 Forging
25:55 Gold Mining
27:53 Chain Barding Armor
28:49 Hand Cart
35:35 Town Watch
36:47 Town Patrol
38:20 Stone Mining
39:06 Gold Shaft Mining
39:45 Fletching
40:31 Iron Casting
46:55 Imperial Age
Grand
6:19 Loom
10:24 Feudal Age
11:54 Double-Bit Axe
14:05 Wheelbarrow
14:56 Bloodlines
19:23 Fletching
20:01 Padded Archer Armor
25:46 Castle Age
25:52 Castle Age
25:10 Town Watch
28:54 Elite Skirmisher
31:38 Gold Mining
32:15 Husbandry
walF
8:25 Loom
10:41 Feudal Age
12:15 Double-Bit Axe
22:05 Horse Collar
27:39 Castle Age
25:46 Fletching
26:56 Padded Archer Armor
27:07 Gold Mining
30:33 Elite Skirmisher
32:01 Bow Saw
32:06 Stone Mining
33:58 Bodkin Arrow
34:19 Leather Archer Armor
35:37 Thumb Ring
36:58 Ballistics
40:32 Scale Barding Armor
43:07 Gold Shaft Mining
42:38 Heavy Plow
44:37 Wheelbarrow
43:47 Town Watch
44:16 Masonry
44:03 Murder Holes
EIM | Virgin King
7:44 Loom
10:24 Feudal Age
12:11 Double-Bit Axe
15:50 Fletching
24:24 Castle Age
23:33 Padded Archer Armor
24:29 Crossbowman
25:05 Bodkin Arrow
25:29 Leather Archer Armor
25:48 Thumb Ring
37:40 Gold Mining
39:48 Bow Saw
42:41 Imperial Age
41:36 Ballistics
42:51 Gold Shaft Mining
42:50 Arbalester
44:38 Chemistry
44:06 Bracer
45:34 Ring Archer Armor
Rookie27
0:25 Loom
9:35 Feudal Age
10:18 Double-Bit Axe
13:28 Fletching
15:54 Padded Archer Armor
16:22 Town Watch
20:27 Wheelbarrow
24:10 Castle Age
21:52 Horse Collar
22:05 Gold Mining
24:14 Crossbowman
25:00 Thumb Ring
25:24 Bow Saw
25:43 Bodkin Arrow
25:41 Pikeman
27:00 Ballistics
27:04 Forging
31:47 Eagle Warrior
32:28 Squires
34:15 Scale Mail Armor
35:45 Arson
36:38 Iron Casting
37:55 Chain Mail Armor
37:51 Heavy Plow
39:33 Hand Cart
43:29 Imperial Age
41:15 Elite Skirmisher
42:33 Town Patrol
43:27 Leather Archer Armor
43:35 Hul'che Javelineers
43:24 Treadmill Crane
44:15 Bracer
44:02 Elite Eagle Warrior
45:16 Holcans
45:52 Blast Furnace
45:41 Plate Mail Armor
EIM | Dego92
11:05 Feudal Age
12:45 Double-Bit Axe
12:42 Horse Collar
14:00 Heavy Plow
14:13 Bow Saw
23:02 Scale Barding Armor
23:07 Forging
26:07 Wheelbarrow
25:44 Gold Mining
30:01 Castle Age
28:52 Gold Shaft Mining
30:18 Stone Mining
31:20 Wheelbarrow
31:05 Husbandry
30:25 Light Cavalry
30:26 Cavalier
31:15 Husbandry
30:35 Light Cavalry
37:39 Iron Casting
37:24 Chain Barding Armor
37:47 Treadmill Crane
38:20 Masonry
38:06 Murder Holes
40:02 Chain Barding Armor
43:20 Hand Cart
ComeAldeanos200
10:38 Feudal Age
14:50 Loom
17:29 Double-Bit Axe
18:32 Horse Collar
23:57 Castle Age
23:52 Forging
23:47 Scale Barding Armor
24:55 Husbandry
24:50 Gold Mining
25:16 Bow Saw
25:12 Heavy Plow
27:22 Gold Shaft Mining
27:59 Wheelbarrow
27:20 Stone Mining
31:27 Hand Cart
32:15 Squires
35:18 Pikeman
39:20 Imperial Age
38:06 Chain Barding Armor
38:21 Iron Casting
37:48 Scale Mail Armor
39:32 Heavy Camel Rider
40:56 Stone Shaft Mining
40:24 Cavalier
42:03 Guard Tower
42:02 Halberdier
43:17 Chain Mail Armor
44:05 Paladin
Connection lost

Rejoining the realm…

Still unreachable

The connection could not be restored.

Session expired

The server has moved on; the page needs a fresh start.